[Event "2025 Washington Challenger's Cup"]
[Site "Bellevue, WA"]
[Date "2025.10.12"]
[Round "5.1"]
[White "Ravuri, Vinesh"]
[Black "Jammalamadaka, Vihaan"]
[Result "1-0"]
[Annotator "Ralph Dubisch"]
[ECO "D77"]
[WhiteElo "2333"]
[BlackElo "2164"]
[WhiteFideId "-1"]
[BlackFideId "-1"]
[PlyCount "58"]
[GameId "2232263905628160"]
[EventDate "2025.10.11"]
[EventType "swiss"]
[EventRounds "5"]
[EventCountry "USA"]
[SourceVersionDate "2026.01.27"]
[TimeControl "90+30"]

1. Nf3 Nf6 2. d4 g6 3. g3 Bg7 4. Bg2 O-O 5. O-O d5 6. c4 {My pgn software calls this "King's Indian: fianchetto (without c4)." This seems a bit ironic, considering White's sixth move. It looks more like a Gruenfeld to me, though as with many queen-side openings, transpositions abound.} dxc4 {Queen's Gambit Accepted?} 7. Na3 c3 8. bxc3 c5 9. Bb2 ({Still in known territory, but committing the bishop to this blocked-up diagonal seems premature to me.} 9. e3 Nc6 10. Qe2 Bf5 11. Rd1 {seems most played here, though the bishop very well may end up on b2 eventually.}) ({I'd be interested to see} 9. Qb3 Nc6 10. Rd1 Na5 11. Qb2 {, evaluated as equal by Stockfish, but showing a considerable plus for White in practical human results.}) 9... Nc6 10. Re1 ({The engine approves. The only theory in my small database is} 10. e3 Bf5 11. Qe2 e5 {, when Black is doing fine.}) 10... cxd4 11. cxd4 Ne4 12. Nh4 ({Maybe just a little decentralizing. I'd probably prefer completing development while essentially guaranteeing the central pawn duo:} 12. Qc2 $5 Nd6 (12... Bf5 $2 13. g4 $1 {wins material.}) (12... f5 $6 13. Qb3+ e6 (13... Kh8 14. d5 $16) 14. Nc4 $14) 13. e4 $14 ({or} 13. Rad1 $14)) 12... f5 (12... Nd6 $13 {is solid, complex, and interesting.}) 13. Qb3+ e6 14. Red1 (14. Rad1 {seems natural. White prefers the d- and c-files for the rooks.}) 14... Kh8 $6 (14... b5 $5 $13 15. Rac1 Qb6) 15. Rac1 Qd5 16. Nc4 b6 17. f3 Nf6 18. e4 Qd8 (18... fxe4 19. fxe4 $16 Nxe4 $4 20. Qe3 $18) 19. Ne5 Na5 20. Qe3 Nh5 $6 (20... Kg8 $16 {, while not good for Black, reduces the impact of some of the tactics aimed at g6.}) 21. Ba3 (21. exf5 exf5 22. f4 Rb8 23. d5 {looks dominating.}) 21... Rf6 ({Trying to save the f8-rook seems a lost cause; one reason is the white bishop has become a much better piece than the rook.} 21... f4 22. Qe1 Qe8 23. Bxf8 Bxf8 24. Bh3 Ba3 {doesn't really offer enough compensation for the material, and White remains positionally better as well, but it's arguably better than the game continuation.}) 22. g4 f4 23. Qe1 g5 24. gxh5 gxh4 (24... Qe8 25. Rc7 Qxh5 26. Bh3 Qxh4 27. Qxh4 gxh4 28. Kh1 $18 {, with a fun attack along seventh rank, g-file, and diagonals.} (28. Be7 {is also a direct path to win material without much diminishing the attack.})) 25. Qxh4 Ba6 26. d5 exd5 27. Rxd5 Qe8 28. Rc7 h6 29. Rxg7 Z0 (29... Kxg7 30. Rd7+ {wins the house.}) 1-0